 Dungeon Crawl Stone Soup version 0.21-a0-404-g291f19a (webtiles) character file.

483 ohad the Ruffian (level 6, -2/54 HPs)
             Began as a Troll Transmuter on Oct 27, 2017.
             Slain by an orc wizard
             ... wielding a +0 dagger
              (5 damage)
             ... on level 5 of the Dungeon.
             The game lasted 00:07:22 (3200 turns).

ohad the Ruffian (Troll Transmuter)                 Turns: 3200, Time: 00:07:23

Health: -2/54      AC:  5    Str: 19    XL:     6   Next: 87%
Magic:  2/6        EV: 10    Int: 11    God:
Gold:   230        SH:  0    Dex: 10    Spells: 4/7 levels left

rFire    . . .     SeeInvis .     - Unarmed
rCold    . . .     Gourm    +   (no shield)
rNeg     . . .     Faith    .   b - +0 robe
rPois    .         Spirit   .   (helmet restricted)
rElec    .         Reflect  .   (no cloak)
rCorr    .         Harm     .   (gloves unavailable)
MR       .....                  (boots unavailable)
Stlth    +.........             (no amulet)
HPRegen  0.58/turn              (no ring)
MPRegen  0.10/turn              (no ring)

@: confused, very slightly contaminated
A: unfitting armour, claws 3, fast metabolism 3, gourmand, regeneration 1,
shaggy fur 1, tough skin 2
a: no special abilities


You were on level 5 of the Dungeon.
You were very full.

You visited 1 branch of the dungeon, and saw 5 of its levels.
You also visited: Sewer.

You collected 230 gold pieces.

Inventory:

Missiles
 a - 67 arrows
 g - 5 curare-tipped needles
 r - 43 bolts
 x - 19 poisoned needles
Armour
 b - a +0 robe (worn)
Jewellery
 i - an uncursed ring of ice
Wands
 s - a wand of paralysis (18/24)
Scrolls
 f - 6 scrolls of identify {unknown}
 h - a scroll of immolation {unknown}
 j - a scroll of teleportation {unknown}
 k - a scroll of random uselessness {unknown}
 m - 3 scrolls of enchant armour {unknown}
 n - 3 scrolls of remove curse {unknown}
 o - a scroll of enchant weapon {unknown}
 t - 3 scrolls of blinking {unknown}
 w - a scroll of fear {unknown}
Potions
 e - 2 potions of brilliance {unknown}
 p - a potion of heal wounds {unknown}
 q - 3 potions of curing {unknown}
 u - 2 potions of cancellation {unknown}
Books
 c - a book of Changes

   Spells                             Type                      Level
   a - Beastly Appendage              Transmutation                1
   b - Sticks to Snakes               Transmutation                2
   c - Spider Form                    Transmutation/Poison         3
   d - Ice Form                       Ice/Transmutation            4
   e - Blade Hands                    Transmutation                5
Comestibles
 d - 5 bread rations
 l - a meat ration
 v - a royal jelly


   Skills:
 - Level 0.7 Fighting
 - Level 1.5 Dodging
 + Level 7.3 Unarmed Combat
 - Level 1.2 Spellcasting
 * Level 2.5 Transmutations


You had 4 spell levels left.
You knew the following spells:

 Your Spells              Type           Power        Failure   Level  Hunger
a - Beastly Appendage     Tmut           #.....       11%         1    ##.....
b - Sticks to Snakes      Tmut           #.......     17%         2    ###....


Dungeon Overview and Level Annotations

Branches:
Dungeon (5/15)
 Temple: D:4-7

Altars:
Makhleb
Okawaru


Innate Abilities, Weirdness & Mutations

You are too large for most types of armour.
You have claws for hands.
Your metabolism is lightning-fast.
You like to eat raw meat.
Your natural rate of healing is unusually fast.
You are covered in fur. (AC +1)
You have very tough skin. (AC +2)


Message History

Your adder barely misses the orc wizard.
The orc hits you with a flail.
* * * LOW HITPOINT WARNING * * *
The orc hits you but does no damage. The orc wizard barely misses you.
Your adder misses the orc wizard.
Unknown command.
Are you sure you want to stumble around while confused and next to your adder?
You scratch the orc wizard but do no damage.
The orc wizard is heavily wounded.
The orc barely misses you.
Your adder barely misses the orc wizard.
The orc hits you but does no damage.
The orc wizard points at you and mumbles some strange words.
You resist with some effort.
Are you sure you want to stumble around while confused and next to your adder?
You closely miss the orc wizard.
The orc wizard is heavily wounded.
Your adder closely misses the orc wizard.
The orc wizard hits you with a dagger.
You die...

+..... .. #. #.....
.###. +<)... ....
######.)...
...#####............
....... #####+##'##
....# # #.......
##oo.#.### #.......
####.@o.#.$.[ #.......
#....S.....## ##+##...
#..........##.##. +...
##..........##...###...
#<.......?..##.........
#........#####...##.#+#
#........# #....#...#
#....##### #....#...#
#....# #....#...#


You could see an orc wizard, 2 orcs and a friendly adder.

Vanquished Creatures
  A centaur (D:5)
  A bullfrog (Sewer)
  2 orc priests (D:5)
  An orc wizard (D:4)
  A worker ant (D:5)
  A worker ant zombie (D:5)
  4 gnolls (D:2)
  4 adders
  A river rat (D:4)
  An adder skeleton (D:5)
  3 worms
  3 dart slugs
  6 leopard geckos
  16 orcs
  7 ball pythons
  10 giant cockroaches
  6 goblins
  6 hobgoblins
  6 jackals
  A quokka (D:2)
  9 bats
  8 frilled lizards
  7 kobolds
  4 rats
109 creatures vanquished.

Notes
Turn   | Place    | Note
-------+----------+-------------------------------------------
     0 | D:1      | ohad the Troll Transmuter began the quest for the Orb.
     0 | D:1      | Reached XP level 1. HP: 18/18 MP: 1/1
   156 | D:1      | Reached XP level 2. HP: 26/26 MP: 2/2
   308 | D:1      | Reached skill level 4 in Unarmed Combat
   697 | D:2      | Reached XP level 3. HP: 24/32 MP: 3/3
   833 | D:2      | Found an iron altar of Okawaru.
  1133 | D:2      | Reached skill level 5 in Unarmed Combat
  1133 | D:2      | Reached XP level 4. HP: 30/40 MP: 2/4
  1166 | D:2      | Learned a level 2 spell: Sticks to Snakes
  1749 | D:3      | Reached XP level 5. HP: 46/46 MP: 3/5
  2234 | D:4      | Found a glowing drain.
  2243 | Sewer    | Entered a sewer
  2304 | Sewer    | Reached skill level 6 in Unarmed Combat
  2513 | D:4      | Reached XP level 6. HP: 42/54 MP: 4/6
  2898 | D:4      | Found a burning altar of Makhleb.
  2902 | D:4      | Noticed a balrug
  2906 | D:4      | Noticed a hellwing
  2906 | D:4      | Noticed an orange demon
  2914 | D:5      | Entered Level 5 of the Dungeon
  3021 | D:5      | Reached skill level 7 in Unarmed Combat
  3198 | D:5      | HP: 2/54 [orc/flail (4)]
  3200 | D:5      | Slain by an orc wizard

Vault maps used:
D:1:      dpeg_arrival_castle, minmay_pentomino_t2
D:2:      okawaru_trees_1, first_bread
D:4:      cheibrodos_sewer_entry_sluice, makhleb_altar_promises_db
D:5:      kennysheep_mini_moat
Sewer:    sewer_frog_island_01

Skill      XL: |  1  2  3  4  5  6 |
---------------+-------------------+-----
Unarmed Combat | 4 5 6 7 |  7.3
Transmutations | 2 |  2.5
Fighting       | |  0.7
Dodging        | |  1.5
Spellcasting   | |  1.2

Action                   |  1- 3 |  4- 6 || total
-------------------------+-------+-------++-------
Melee: Unarmed           |    96 |   214 ||   310
       Headbutt          |       |    11 ||    11
       Kick              |       |     5 ||     5
 Cast: Beastly Appendage |     1 |    20 ||    21
       Sticks to Snakes  |       |     1 ||     1
 Stab: Sleeping          |     1 |       ||     1
  Eat: Chunk             |    16 |    19 ||    35
Armor: Robe              |    38 |    80 ||   118
Dodge: Dodged            |    53 |   132 ||   185

Table legend:
 A = Spawn XP
 B = Non-spawn XP
 C = Spawn XP percentage of total XP
 D = Spawn monster count
 E = Non-spawn monster count
 F = Spawn count percentage of total count
 G = Total turns spent on level
                    A         B        C        D         E        F      G
               +---------+---------+-------+---------+---------+-------+---------
         Total |       0 |     690 |   0.0 |       0 |     109 |   0.0 |  3200
               +---------+---------+-------+---------+---------+-------+---------
           D:1 |       0 |      37 |   0.0 |       0 |      22 |   0.0 |   672
           D:2 |       0 |      91 |   0.0 |       0 |      15 |   0.0 |   643
           D:3 |       0 |      87 |   0.0 |       0 |      29 |   0.0 |   811
           D:4 |       0 |      91 |   0.0 |       0 |      18 |   0.0 |   601
           D:5 |       0 |     251 |   0.0 |       0 |       7 |   0.0 |   214
         Sewer |       0 |     133 |   0.0 |       0 |      18 |   0.0 |   259
               +---------+---------+-------+---------+---------+-------+---------
